 Dungeon Crawl Stone Soup version 0.22-a0-447-gee5f723 (webtiles) character file.

12744 grizmgrazm2 the Cleaver (level 11, -3/145 HPs)
             Began as a Minotaur Fighter on Apr 11, 2018.
             Was a High Priest of Makhleb.
             Slain by a salamander
             ... wielding a +1 halberd of freezing
              (7 damage)
             ... in a volcano on June 3, 2018.
             The game lasted 00:39:37 (8335 turns).

grizmgrazm2 the Cleaver (Minotaur Fighter)          Turns: 8335, Time: 00:39:38

Health: -3/145     AC: 23    Str: 29    XL:     11   Next: 66%
Magic:  15/15      EV:  9    Int:  7    God:    Makhleb [*****.]
Gold:   625        SH:  0    Dex: 13    Spells: 10/10 levels left

rFire    + + .     SeeInvis .   z - +1 battleaxe
rCold    x . .     Gourm    .   (shield currently unavailable)
rNeg     . . .     Faith    .   G - +0 plate armour
rPois    .         Spirit   .   b - +1 hat "Pioruorr" {rF+ Int+2 Stlth+}
rElec    .         Reflect  .   k - +1 cloak
rCorr    .         Harm     .   j - +1 pair of gloves
MR       .....                  i - +1 pair of boots
Stlth    ..........             t - amulet of regeneration
HPRegen  0.74/turn              Q - ring of fire
MPRegen  0.14/turn              D - +3 ring of strength

@: berserking, lethally poisoned (-3 -> -3), hasted, very quick
A: retaliatory headbutt, horns 2
a: Minor Destruction, Lesser Servant of Makhleb, Major Destruction, Greater
Servant of Makhleb, Renounce Religion


You were in a volcano.
You worshipped Makhleb.
Makhleb was extremely pleased with you.
You were not hungry.

You visited 2 branches of the dungeon, and saw 12 of its levels.
You also visited: Sewer, Bailey and Volcano.

You collected 625 gold pieces.

Inventory:

Hand Weapons
 a - a +5 dire flail
 z - a +1 battleaxe (weapon)
Missiles
 e - 2 throwing nets
 J - 21 tomahawks of returning (quivered)
Armour
 b - the +1 hat "Pioruorr" (worn) {rF+ Int+2 Stlth+}
   (You acquired it on level 9 of the Dungeon)

   It affects your intelligence (+2).
   It protects you from fire.
   It makes you more stealthy.
 i - a +1 pair of boots (worn)
 j - a +1 pair of gloves (worn)
 k - a +1 cloak (worn)
 G - a +0 plate armour (worn)
Jewellery
 t - an amulet of regeneration (around neck)
 D - a +3 ring of strength (right hand)
 Q - a ring of fire (left hand)
Wands
 g - a wand of iceblast (7)
 l - a wand of clouds (7)
 n - a wand of polymorph (17)
 p - a wand of flame (23)
 r - a wand of scattershot (5)
 E - a wand of disintegration (6)
 N - a wand of acid (12)
Scrolls
 c - 5 scrolls of teleportation
 y - a scroll of blinking
 C - a scroll of magic mapping
 F - a scroll of fear
 I - 4 scrolls of identify
 O - a scroll of silence {unknown}
 R - a scroll of brand weapon {unknown}
 S - a scroll of fog
Potions
 d - 2 potions of might
 s - a potion of ambrosia {unknown}
 u - 2 potions of cancellation
 v - 2 potions of brilliance
 w - a potion of degeneration {unknown}
 x - 2 potions of lignification {unknown}
 A - 4 potions of flight
 B - 5 potions of agility {unknown}
 H - a potion of experience {unknown}
 K - 3 potions of resistance {unknown}
 L - a potion of magic {unknown}
Comestibles
 f - 15 rations


   Skills:
 + Level 9.0 Fighting
 + Level 14.3 Axes
 + Level 1.5 Throwing
 + Level 10.2 Armour
 + Level 3.4 Dodging
 - Level 0.1 Stealth
   Level 5.9 Shields
 + Level 0.3 Unarmed Combat
 * Level 7.7 Invocations


You had 10 spell levels left.
You didn't know any spells.
Your spell library was empty.

Dungeon Overview and Level Annotations

Branches:
Dungeon (10/15)            Temple (0/1) D:4             Orc (2/2) D:10
    Elf (0/3) Orc:2
   Lair: D:8-11

Altars:
Cheibriados
Dithmenos
Elyvilon
Fedhas
Gozag
Hepliaklqana
Makhleb
Okawaru
Qazlal
Sif Muna
Vehumet
Wu Jian
Xom
Yredelemnul
Zin
The Shining One
Beogh

Shops:
D:8 [[(   D:10 %

Annotations:
D:3 Natasha


Innate Abilities, Weirdness & Mutations

You reflexively headbutt those who attack you in melee.
You have a pair of horns on your head.


Message History

The salamander hits you but does no damage. x2
You barely miss the salamander. You headbutt the salamander!
The salamander is heavily wounded.
The salamander hits you but does no damage.
The salamander completely misses you.
You barely miss the salamander. You headbutt the salamander!
The salamander is heavily wounded.
The salamander barely misses you. The salamander hits you!
* * * LOW HITPOINT WARNING * * *
You are engulfed in flames.
You resist.
* * * LOW HITPOINT WARNING * * *
Your plate armour prevents you from hitting the salamander.
You headbutt the salamander!
The salamander is severely wounded.
You barely miss the salamander.
The salamander is severely wounded.
You feel sick.
The salamander hits you but does no damage.
The salamander hits you from afar with a halberd of freezing!
You die...

....≈≈≈≈§≈§§§§≈≈§§≈.#
#....≈§≈§§≈≈≈§≈≈§§§.#
###.§≈.§§§≈§§§§§§§§##
##..§≈≈§≈§§.§§§§§##
##...§§≈≈≈..§.§..#
#....§≈§≈....§§###
##..§.≈§..##...#
###.....###8(8#
##...## ##@## ##...#
#N# ##### #N# #.N.#
#..∩..# #..###..#
#..# #..# #..# #..#
...# #...


You could see 3 salamanders.

Vanquished Creatures
  An orc warlord (Bailey)
  2 two-headed ogres (D:8)
  A salamander mystic (Volcano)
  An unseen horror (D:8)
  2 orc knights
  A cyclops (Orc:1)
  2 trolls
  A hornet (D:9)
  The ghost of crawlian the Insei, an amateur OpTm (D:4)
  A hippogriff (D:9)
  Sigmund (D:2)
  A vampire (D:10)
  4 fire bats (Volcano)
  2 hungry ghosts (D:10)
  4 yaks (D:10)
  2 wargs (Orc:1)
  A water moccasin (D:8)
  Duvessa (D:7)
  3 sky beasts
  9 orc warriors
  4 ice beasts
  2 phantoms
  3 ogres
  3 centaurs
  3 big kobolds
  3 bullfrogs
  Dowan (D:7)
  12 wights
  3 howler monkeys
  3 crimson imps
  5 lava snakes (Volcano)
  Crazy Yiuf (D:7)
  5 hounds
  A bullfrog skeleton (D:8)
  5 orc priests
  A gnoll shaman (D:5)
  6 orc wizards
  Jessica (D:3)
  2 iguanas
  Natasha (D:3)
  9 worker ants
  A merfolk siren (Sewer)
  A merfolk avatar (Sewer)
  2 hound zombies
  Robin (D:2)
  2 howler monkey skeletons
  3 gnolls (D:5)
  2 river rats
  16 adders
  A shadow imp (D:8)
  An adder skeleton (D:7)
  3 worms
  3 dart slugs
  6 leopard geckos
  32 orcs
  6 ball pythons
  8 bats
  7 giant cockroaches
  24 goblins
  10 hobgoblins
  8 jackals
  35 kobolds
  5 quokkas
  9 frilled lizards
  2 quokka skeletons
  35 rats
  A plant (D:7)
339 creatures vanquished.

Notes
Turn   | Place    | Note
-------+----------+-------------------------------------------
     0 | D:1      | grizmgrazm2 the Minotaur Fighter began the quest for the Orb.
     0 | D:1      | Reached XP level 1. HP: 19/19 MP: 0/0
    57 | D:1      | Upgraded the game from 0.22-a0-348-gd16d139 to 0.22-a0-351-g29664b4
    89 | D:1      | Reached XP level 2. HP: 26/27 MP: 1/1
   433 | D:1      | Reached skill level 3 in Axes
   588 | D:2      | Reached XP level 3. HP: 32/33 MP: 2/2
   592 | D:2      | Noticed Sigmund
   627 | D:2      | Killed Sigmund
   627 | D:2      | Reached skill level 5 in Axes
   627 | D:2      | Reached XP level 4. HP: 12/40 MP: 3/3
   627 | D:2      | Reached XP level 5. HP: 14/46 MP: 4/4
   853 | D:2      | Noticed Robin
   865 | D:2      | Killed Robin
  1130 | D:2      | Found a hazy altar of Hepliaklqana.
  1137 | D:2      | Found a snail-covered altar of Cheibriados.
  1138 | D:2      | Found an ornate altar of the Wu Jian Council.
  1139 | D:2      | Found a deep blue altar of Sif Muna.
  1352 | D:2      | Found a burning altar of Makhleb.
  1354 | D:2      | Noticed a blizzard demon
  1358 | D:2      | Noticed an orange demon
  1358 | D:2      | Noticed a hellwing
  1360 | D:2      | Became a worshipper of Makhleb the Destroyer
  1437 | D:3      | Reached XP level 6. HP: 53/53 MP: 5/5
  1526 | D:3      | Noticed Jessica
  1528 | D:3      | Killed Jessica
  1528 | D:3      | Reached skill level 6 in Axes
  1627 | D:3      | Noticed Natasha
  1634 | D:3      | Killed Natasha
  1783 | D:3      | Reached * piety under Makhleb
  1783 | D:3      | Reached skill level 1 in Dodging
  1887 | D:3      | Found a blossoming altar of Fedhas.
  1922 | D:3      | Found a glowing golden altar of the Shining One.
  1925 | D:3      | Found a shimmering altar of Xom.
  2035 | D:3      | Noticed Natasha
  2339 | D:4      | Reached skill level 5 in Armour
  2459 | D:4      | Reached skill level 7 in Axes
  2459 | D:4      | Reached skill level 5 in Shields
  2459 | D:4      | Reached XP level 7. HP: 60/60 MP: 6/6
  2475 | D:4      | Found a glowing silver altar of Zin.
  2475 | D:4      | Found an opulent altar of Gozag.
  2598 | D:4      | Noticed crawlian's ghost (amateur OpTm)
  2613 | D:4      | Killed crawlian's ghost
  2613 | D:4      | Reached skill level 1 in Invocations
  2790 | D:4      | Found a staircase to the Ecumenical Temple.
  3036 | D:5      | Entered Level 5 of the Dungeon
  3195 | D:5      | Reached XP level 8. HP: 67/67 MP: 8/8
  3344 | D:6      | Reached skill level 5 in Fighting
  3344 | D:6      | Reached skill level 8 in Axes
  3457 | D:6      | Found an iron altar of Okawaru.
  3545 | D:6      | Found a glowing drain.
  3564 | Sewer    | Entered a sewer
  3570 | Sewer    | Reached ** piety under Makhleb
  3950 | D:6      | Reached skill level 9 in Axes
  3971 | D:6      | Reached *** piety under Makhleb
  4507 | D:7      | Reached XP level 9. HP: 58/75 MP: 10/10
  4515 | D:7      | Noticed Dowan
  4515 | D:7      | Noticed Duvessa
  4524 | D:7      | Killed Duvessa
  4524 | D:7      | Reached skill level 10 in Axes
  4531 | D:7      | Killed Dowan
  4889 | D:7      | Found a runed door.
  4893 | D:7      | Noticed Crazy Yiuf
  4899 | D:7      | Killed Crazy Yiuf
  4961 | D:7      | Found a shadowy altar of Dithmenos.
  5125 | D:8      | Noticed a two-headed ogre
  5138 | D:8      | Killed a two-headed ogre
  5138 | D:8      | Reached skill level 11 in Axes
  5138 | D:8      | Reached skill level 5 in Invocations
  5171 | D:8      | Killed an unseen horror
  5171 | D:8      | Reached XP level 10. HP: 30/86 MP: 11/13
  5264 | D:8      | Reached **** piety under Makhleb
  5287 | D:8      | Found Pofaurhe's Antique Armour Shop.
  5395 | D:8      | Found Jonnoq's Antique Weapon Shoppe.
  5431 | D:8      | Noticed a two-headed ogre
  5437 | D:8      | Killed a two-headed ogre
  5501 | D:8      | Found Affa's Armour Emporium.
  5587 | D:8      | Reached skill level 12 in Axes
  5647 | D:8      | Found a white marble altar of Elyvilon.
  5793 | D:8      | Found a basalt altar of Yredelemnul.
  5888 | D:9      | Found a flagged portal.
  5901 | Bailey   | Entered a bailey
  5906 | Bailey   | Noticed an orc warlord
  5967 | Bailey   | Noticed an orc knight
  5976 | Bailey   | Killed an orc knight
  6024 | Bailey   | Found a runed gate.
  6039 | Bailey   | Found a runed gate.
  6041 | Bailey   | Found a runed gate.
  6197 | Bailey   | Killed an orc warlord
  6197 | Bailey   | Reached skill level 13 in Axes
  6197 | Bailey   | Reached skill level 1 in Throwing
  6443 | D:9      | Found a stormy altar of Qazlal.
  6482 | D:9      | Identified a scroll of acquirement
  6483 | D:9      | Got a spiked hat
  6489 | D:9      | Identified the +1 hat "Pioruorr" {rF+ Int+2 Stlth+} (You acquired it on level 9 of the Dungeon)
  6675 | D:9      | Reached ***** piety under Makhleb
  6675 | D:9      | Reached XP level 11. HP: 73/94 MP: 15/15
  6711 | D:9      | Found a radiant altar of Vehumet.
  7059 | D:10     | Entered Level 10 of the Dungeon
  7106 | D:10     | Found Vyof's Food Emporium.
  7255 | D:10     | Found a staircase to the Orcish Mines.
  7662 | Orc:1    | Entered Level 1 of the Orcish Mines
  7671 | Orc:1    | Found a burning altar of Makhleb.
  7789 | Orc:2    | Entered Level 2 of the Orcish Mines
  7789 | Orc:2    | Found a roughly hewn altar of Beogh.
  7827 | Orc:2    | Noticed an orc knight
  8046 | Orc:1    | Killed an orc knight
  8046 | Orc:1    | Reached skill level 14 in Axes
  8046 | Orc:1    | Reached skill level 10 in Armour
  8073 | Orc:2    | Found a staircase to the Elven Halls.
  8140 | Orc:2    | Found a dark tunnel.
  8145 | Volcano  | Entered a volcano
  8299 | Volcano  | Noticed a salamander mystic
  8323 | Volcano  | Killed a salamander mystic
  8333 | Volcano  | HP: 7/145 [salamander (7)]
  8335 | Volcano  | Slain by a salamander

Vault maps used:
D:1:      saegor_arrival_simple_d
D:2:      minitemple, makhleb_altar_promises_db, uniq_sigmund, uniq_robin
D:3:      overflow_temple_1_default, nicolae_overflow_hidden_temple,
          first_ration, serial_undead, serial_undead_e, serial_undead_e,
          serial_undead_f, serial_undead_c, grunt_decor_arrowhead,
          grunt_ministairs_5, uniq_natasha, uniq_jessica
D:4:      grunt_temple_overflow_gold_and_silver, temple_hall
D:5:      kennysheep_windowed_halls, lemuel_another_geyser
D:6:      lemuel_doored_altar, portal_sewer_entry_a, serial_glass,
          glass_columns_c, glass_columns_c
D:7:      grunt_dithmenos_shadows, serial_bayou_pond_c, uniq_duvessa,
          uniq_crazy_yiuf_cottage
D:8:      kennysheep_ying_yang, serial_shops, shop_fountains,
          nicolae_shop_behind_doors, nicolae_shop_stone, uniq_psyche
D:9:      nicolae_qazlal_eye_of_the_storm, old_standard_altar, enter_bailey_3
D:10:     orc_0_dummy, serial_shops, shop
Orc:1:    basic_altar
Orc:2:    grunt_orc_tribal_feast, basic_altar, nicolae_volcano_entry_s_turn
Sewer:    sewer_sea
Bailey:   bailey_axe_bossmonster_kennysheep, bailey
Volcano:  volcano_grotto

Skill      XL: |  1  2  3  4  5  6  7  8  9 10 11 |
---------------+----------------------------------+-----
Shields        | 4 5 |  5.9
Axes           | 3 5 7 9 11 13 14 | 14.3
Fighting       | 4 5 7 8 9 |  9.0
Armour         | 4 5 6 7 9 10 | 10.2
Dodging        | 1 2 3 |  3.4
Invocations    | 2 3 5 6 7 |  7.7
Throwing       | 1 |  1.5
Stealth        | |  0.1
Unarmed Combat | |  0.3

Action                   |  1- 3 |  4- 6 |  7- 9 | 10-12 || total
-------------------------+-------+-------+-------+-------++-------
Melee: War axe           |    74 |   161 |    87 |       ||   322
       Headbutt          |     9 |    26 |    37 |    79 ||   151
       Unarmed           |       |    10 |       |       ||    10
       Battleaxe         |       |       |   230 |   316 ||   546
Throw: Tomahawk          |       |       |       |    12 ||    12
Invok: Lesser Servant of |       |       |       |     1 ||     1
       Major Destruction |       |       |       |     1 ||     1
  Use: Scroll            |     1 |     9 |     8 |     4 ||    22
       Potion            |       |       |     4 |    12 ||    16
  Eat: Chunk             |       |     5 |     6 |    10 ||    21
       Ration            |       |       |     1 |     2 ||     3
Armor: Scale mail        |    50 |    58 |    85 |       ||   193
       Skin              |       |     4 |     1 |       ||     5
       Plate armour      |       |       |   125 |   252 ||   377
Dodge: Dodged            |    15 |    67 |   126 |   175 ||   383
Block: Shield            |    29 |   105 |    49 |       ||   183

Table legend:
 A = Spawn XP
 B = Non-spawn XP
 C = Spawn XP percentage of total XP
 D = Spawn monster count
 E = Non-spawn monster count
 F = Spawn count percentage of total count
 G = Total turns spent on level
                    A         B        C        D         E        F      G
               +---------+---------+-------+---------+---------+-------+---------
         Total |       0 |   18207 |   0.0 |       0 |     338 |   0.0 |  8335
               +---------+---------+-------+---------+---------+-------+---------
           D:1 |       0 |      32 |   0.0 |       0 |      22 |   0.0 |   562
           D:2 |       0 |     338 |   0.0 |       0 |      35 |   0.0 |   823
           D:3 |       0 |     193 |   0.0 |       0 |      36 |   0.0 |   856
           D:4 |       0 |     581 |   0.0 |       0 |      18 |   0.0 |   795
           D:5 |       0 |     368 |   0.0 |       0 |      10 |   0.0 |   302
           D:6 |       0 |     851 |   0.0 |       0 |      18 |   0.0 |   534
           D:7 |       0 |    1103 |   0.0 |       0 |      30 |   0.0 |   879
           D:8 |       0 |    3642 |   0.0 |       0 |      32 |   0.0 |   788
           D:9 |       0 |    1018 |   0.0 |       0 |      17 |   0.0 |   865
          D:10 |       0 |    2562 |   0.0 |       0 |      25 |   0.0 |   603
         Orc:1 |       0 |    2009 |   0.0 |       0 |      11 |   0.0 |   356
         Orc:2 |       0 |     570 |   0.0 |       0 |      10 |   0.0 |   127
         Sewer |       0 |     150 |   0.0 |       0 |      37 |   0.0 |   336
        Bailey |       0 |    3072 |   0.0 |       0 |      27 |   0.0 |   319
       Volcano |       0 |    1718 |   0.0 |       0 |      10 |   0.0 |   190
               +---------+---------+-------+---------+---------+-------+---------
